 Dungeon Crawl Stone Soup version 0.27-a0-1090-gb115f176c6 (webtiles) character file.

Game seed: 4548055218623088640

3951 robertstho the Thaumaturge (level 10, 0/64 HPs)
             Began as a Djinni Fire Elementalist on Apr 27, 2021.
             Was an Initiate of Ashenzari.
             Shot with an arrow by a centaur warrior (20 damage)
             ... on level 8 of the Dungeon.
             The game lasted 00:19:13 (11790 turns).

robertstho the Thaumaturge (DjFE)                  Turns: 11790, Time: 00:19:13

Health: 0/64       AC:  6    Str:  7    XL:     10   Next: 21%
Gold:   343        EV: 12    Int: 20    God:    Ashenzari [......] SH:  0 Dex: 14

rFire    + + .     SeeInvis .   e - +1 dagger of the Lashed Moon {venom, Evo, Fort} (curse)
rCold    x . .     Faith    .   (no shield)
rNeg     . . .     Spirit   .   m - +0 acid dragon scales
rPois    ∞         Reflect  .   (no helmet)
rElec    .         Harm     .   (no cloak)
rCorr    +         Rampage  .   (no gloves)
Will     +....                  (boots unavailable)
Stlth    ++........             (no amulet)
HPRegen  0.20/turn              (no ring)
MPRegen  0.00/turn              (no ring)

@: flying
A: fire resistance 2, cold vulnerability 1, float, innate caster, hp casting,
extra vitality 1
a: Renounce Religion, Shatter the Chains


You were on level 8 of the Dungeon.
You worshipped Ashenzari.
Ashenzari was noncommittal.
You visited 2 branches of the dungeon, and saw 9 of its levels.
You also visited: Ossuary.

You collected 700 gold pieces.
You spent 357 gold pieces at shops.

Inventory:

Hand Weapons
 c - a +1 whip of flaming
 e - the cursed +1 dagger of the Lashed Moon (weapon) {venom, Evo, Fort}
   (You took it off an orc wizard on level 3 of the Dungeon)

   It poisons the flesh of those it strikes.
   It has a curse which improves the following skills: Evocations: Evocations.
   Fortitude: Armour and Shields.
Missiles
 n - 3 throwing nets
Armour
 a - a +0 robe
 m - +0 acid dragon scales (worn)
Wands
 o - a wand of iceblast (19)
Scrolls
 d - 6 scrolls of teleportation
 i - 4 scrolls of enchant weapon
 k - 3 scrolls of blinking
 l - 2 scrolls of fear
 u - a scroll of magic mapping
 v - 2 scrolls of holy word
Potions
 b - 2 potions of haste
 f - 3 potions of attraction
 g - 2 potions of berserk rage
 h - 5 potions of curing
 j - a potion of magic
 q - 3 potions of heal wounds
 r - 2 potions of might
 s - 3 potions of resistance
 w - a potion of invisibility


   Skills:
 + Level 2.0 Fighting
 + Level 1.6 Short Blades
 + Level 0.3 Maces & Flails
 + Level 0.3(0.4) Armour
 + Level 4.6 Dodging
 + Level 4.9 Stealth
 + Level 10.8 Spellcasting


You had 4 spell levels left.
You knew the following spells:

 Your Spells              Type           Power      Damage    Failure   Level
a - Foxfire               Conj/Fire      100%       2x1d9     1%          1
b - Conjure Flame         Conj/Fire      52%        6-21      1%          3
c - Inner Flame           Hex/Fire       52%        N/A       1%          3
d - Sticky Flame          Conj/Fire      52%        2d7       1%          4
e - Fireball              Conj/Fire      26%        3d12      3%          5
f - Apportation           Tloc           100%       N/A       1%          1
g - Slow                  Hex            52%        N/A       1%          2
h - Frozen Ramparts       Ice            100%       1d12      1%          3
i - Olgreb's Toxic Radia  Pois           52%        N/A       1%          4
Your spell library was empty.

Dungeon Overview and Level Annotations

Branches:
Dungeon (8/15)             Temple (1/1) D:6         Ossuary (visited)
   Lair: D:8-11

Altars:
Ashenzari
Cheibriados
Dithmenos
Fedhas
Makhleb
Nemelex Xobeh
Trog
Uskayaw
Xom

Shops:
D:3 ?   D:5 *

Annotations:
D:3 3 runed translucent doors, voltaire321's ghost, amateur OpFi
D:7 2 transporters, bilbop's ghost, novice DjCj


Innate Abilities, Weirdness & Mutations

You are immune to poison.
Your flesh is very heat resistant. (rF++)
You are vulnerable to cold. (rC-)
You float through the air rather than walking.
You learn spells naturally, not from books.
Your magical power is your life essence.
You have superior vitality. (+4 HP)


Message History

Key pressed, stopping explore.
There is a stone staircase leading up here.
A centaur warrior comes into view.
A centaur warrior is nearby!
A centaur warrior is nearby!
A centaur warrior is nearby!
A centaur warrior is nearby!
A centaur warrior is nearby!
A centaur warrior is nearby!
A centaur warrior is nearby!
The centaur warrior wields a +0 shortbow.
The centaur warrior shoots an arrow.
The arrow hits you!!
The centaur warrior shoots an arrow.
The arrow hits you!
The centaur warrior shoots an arrow.
The arrow hits you!!
* * * LOW HITPOINT WARNING * * *
Casting: Fireball (dangerous; 3% risk of failure)
Confirm with . or Enter, or press ? or * to list all spells.
Okay, then.
Unknown command.
You feel much better.
Casting: Fireball (dangerous; 3% risk of failure)
Confirm with . or Enter, or press ? or * to list all spells.
Aiming: Fireball (dangerous; 3% risk of failure)
Press: ? - help, Shift-Dir - straight line, f - centaur warrior
Aim: a centaur warrior, wielding a +0 shortbow and quivering arrows The fireball explodes!
The fireball engulfs the centaur warrior!!
The centaur warrior is moderately wounded.
The centaur warrior shoots an arrow.
The arrow closely misses you.
Unknown command.
Casting: Fireball (dangerous; 3% risk of failure)
Confirm with . or Enter, or press ? or * to list all spells.
Aiming: Fireball (dangerous; 3% risk of failure)
Press: ? - help, Shift-Dir - straight line, f/p - centaur warrior
Aim: a centaur warrior, wielding a +0 shortbow and quivering arrows (moderately wounded)
The fireball explodes!
The fireball engulfs the centaur warrior!!
The centaur warrior is almost dead.
The centaur warrior shoots an arrow.
The arrow hits you!!
You die...

#######.#####.# #)##
#.....#.#####.###)##
##.###...........).).
#......#.#####.###.##
#..###.#.#####.# #.##
#.<###.#....?..# #...
#....#.######### ####
#.##.#.######### #
#...@..##......# #
####.####......# #
#.# #.....># #c#
#......# ... #......#
.#. #......# ## . .
####.### ##. .# ##
##.## #.# #######...#
#.#


You could see a centaur warrior.

Vanquished Creatures
  An oklob plant (D:6)
  Sigmund (D:2)
  Menkaure (D:4)
  Edmund (D:6)
  An acid dragon (D:6)
  Duvessa (D:7)
  2 hornet zombies
  An ice beast (D:5)
  A black bear (D:5)
  2 necrophages
  2 ogres
  4 centaurs
  Blork the orc (D:4)
  A bullfrog (D:7)
  5 scorpions
  A water moccasin skeleton (D:5)
  Dowan (D:7)
  2 howler monkeys
  2 bullfrog zombies
  2 centaur zombies
  3 hounds (D:6)
  6 jellies (D:6)
  2 orc priests
  2 bullfrog skeletons
  2 iguanas
  A scorpion zombie (D:5)
  Natasha (thrice) (D:2)
  5 orc wizards
  8 mummies (Ossuary)
  Robin (D:4)
  16 gnolls
  8 adders
  4 shadow imps
  3 ufetubi
  A worm (D:4)
  4 dart slugs
  12 orcs
  4 bats (D:1)
  15 endoplasms
  4 giant cockroaches
  3 gnoll zombies (Ossuary)
  12 hobgoblins
  2 jackals (D:5)
  A quokka (D:2)
  9 ball pythons
  3 frilled lizards
  22 goblins
  A goblin zombie (D:5)
  2 hobgoblin zombies (Ossuary)
  16 kobolds
  3 orc zombies (Ossuary)
  2 rats (D:1)
  A rat zombie (D:5)
214 creatures vanquished.

Vanquished Creatures (others)
  875 foxfires
  8 fungi (D:6)
883 creatures vanquished.

Grand Total: 1097 creatures vanquished

Notes
Turn   | Place    | Note
-------+----------+-------------------------------------------
     0 | D:1      | robertstho the Djinni Fire Elementalist began the quest for
                  | the Orb.
     0 | D:1      | Reached XP level 1. HP: 15/15 MP: 0/0
   616 | D:1      | Reached skill level 3 in Spellcasting
   616 | D:1      | Reached XP level 2. HP: 9/21 MP: 0/0
  1354 | D:1      | Reached XP level 3. HP: 20/25 MP: 0/0
  1354 | D:1      | Learned a level 1 spell: Apportation
  1980 | D:2      | Noticed an ogre
  2245 | D:2      | Found a faded altar of an unknown god.
  2315 | D:2      | Noticed Natasha
  2318 | D:2      | Killed Natasha
  2319 | D:2      | Reached XP level 4. HP: 24/31 MP: 0/0
  2465 | D:2      | Killed an ogre
  2466 | D:2      | Reached skill level 4 in Spellcasting
  2466 | D:2      | Reached XP level 5. HP: 8/35 MP: 0/0
  2466 | D:2      | Learned a level 2 spell: Slow
  2516 | D:2      | Noticed Natasha
  2732 | D:2      | Killed Natasha
  3009 | D:2      | Noticed Sigmund
  3092 | D:2      | Noticed Natasha
  3095 | D:2      | Killed Natasha
  3163 | D:2      | Reached XP level 6. HP: 35/40 MP: 0/0
  3269 | D:2      | Found a shadowy altar of Dithmenos.
  3365 | D:2      | Killed Sigmund
  3366 | D:2      | Reached skill level 5 in Spellcasting
  4182 | D:3      | Found Noivogh's Magic Scroll Shop.
  4188 | D:3      | Bought a scroll of amnesia for 35 gold pieces
  4188 | D:3      | Bought a scroll of identify for 20 gold pieces
  4188 | D:3      | Bought a scroll of identify for 20 gold pieces
  4188 | D:3      | Bought a scroll of identify for 20 gold pieces
  4188 | D:3      | Bought a scroll of identify for 20 gold pieces
  4261 | D:3      | Reached XP level 7. HP: 42/45 MP: 0/0
  4261 | D:3      | Learned a level 3 spell: Frozen Ramparts
  4570 | D:3      | Found a runed translucent gate.
  4571 | D:3      | Found a runed translucent gate.
  4571 | D:3      | Found a runed translucent gate.
  4577 | D:3      | Noticed voltaire321's ghost (amateur OpFi)
  4869 | D:4      | Noticed Menkaure
  4873 | D:4      | Killed Menkaure
  4963 | D:4      | Reached skill level 1 in Short Blades
  4963 | D:4      | Reached skill level 6 in Spellcasting
  5134 | D:4      | Reached XP level 8. HP: 46/51 MP: 0/0
  5200 | D:4      | Noticed Robin
  5205 | D:4      | Killed Robin
  5476 | D:4      | Reached skill level 1 in Fighting
  5713 | D:4      | Reached skill level 7 in Spellcasting
  6509 | D:4      | Noticed Blork the orc
  6520 | D:4      | Killed Blork the orc
  7045 | D:5      | Entered Level 5 of the Dungeon
  7124 | D:5      | Found a sand-covered staircase.
  7142 | Ossuary  | Entered an ossuary
  7730 | D:5      | Reached skill level 8 in Spellcasting
  7793 | D:5      | Reached XP level 9. HP: 47/57 MP: 0/0
  7793 | D:5      | Learned a level 4 spell: Olgreb's Toxic Radiance
  8222 | D:5      | Found Rasm's General Store.
  8225 | D:5      | Bought a scroll of identify for 22 gold pieces
  8225 | D:5      | Bought a scroll of identify for 22 gold pieces
  8225 | D:5      | Bought a potion of resistance for 110 gold pieces
  8225 | D:5      | Bought a potion of invisibility for 88 gold pieces
  8606 | D:6      | Reached skill level 9 in Spellcasting
  8845 | D:6      | Found a staircase to the Ecumenical Temple.
  8867 | Temple   | Entered the Ecumenical Temple
  8881 | Temple   | Became a worshipper of Ashenzari the Shackled
  9417 | D:6      | Noticed Edmund
  9426 | D:6      | Killed Edmund
  9837 | D:6      | Noticed an oklob plant
  9845 | D:6      | Reached skill level 10 in Spellcasting
 10181 | D:6      | Killed an oklob plant
 10182 | D:6      | Reached XP level 10. HP: 38/64 MP: 0/0
 10242 | D:7      | Noticed bilbop's ghost (novice DjCj)
 10243 | D:7      | Noticed a two-headed ogre
 10453 | D:7      | Found a transporter.
 10477 | D:7      | Found a burning altar of Makhleb.
 11036 | D:7      | Found a transporter.
 11124 | D:7      | Noticed Duvessa
 11124 | D:7      | Noticed Dowan
 11128 | D:7      | Killed Dowan
 11141 | D:7      | Killed Duvessa
 11785 | D:8      | Noticed a centaur warrior
 11790 | D:8      | Shot with an arrow by a centaur warrior

Illustrated notes

Levels and vault maps discovered:
D:1:      wheals_arrival_shading, layout_basic
D:2:      layout_basic, shapermc_ecumenical_altar_notcrosses, basic_altar,
          solitary_fountain, kennysheep_generic_room_13, uniq_sigmund,
          uniq_natasha
D:3:      layout_loops_ring, serial_shops, nicolae_shop_trees,
          ebering_ghost_rock_garden, wander_ebering_terrifying_dragon_lair
D:4:      corexii_shantytown, layout_basic, uniq_blork_the_orc, uniq_robin,
          uniq_menkaure
D:5:      layout_cave_pools, serial_shops, kennysheep_mini_moat,
          enter_ossuary_4, chequers_mini_garden
D:6:      lemuel_slime, layout_rooms, minmay_temple_entry_junction_2,
          grunt_tough_drop, uniq_edmund
D:7:      layout_basic, general_overflow_altar, nzn_ghost_randoct, uniq_duvessa
D:8:      layout_loops_cross, kennysheep_pointless_box, dk_noncrumbling_3
Temple:   nicolae_temple_the_god_donut

Skill      XL: |  1  2  3  4  5  6  7  8  9 |
---------------+----------------------------+-----
Spellcasting   | 3 4 5 6 8 10 | 10.8
Stealth        | 2 3 4 |  4.9
Dodging        | 3 4 |  4.6
Short Blades   | 1 |  1.6
Fighting       | 1 2 |  2.0
Maces & Flails | |  0.3
Armour         | |  0.3

Action                   |  1- 3 |  4- 6 |  7- 9 | 10-12 || total
-------------------------+-------+-------+-------+-------++-------
Melee: Whip              |       |     5 |       |       ||     5
       Dagger            |       |       |     8 |       ||     8
 Cast: Foxfire           |    91 |    73 |   339 |    11 ||   514
       Sticky Flame      |       |       |    16 |     2 ||    18
       Fireball          |       |       |    13 |    20 ||    33
Invok: Curse Item        |       |       |       |     1 ||     1
  Use: Scroll            |       |     6 |     3 |       ||     9
       Potion            |       |       |     1 |     1 ||     2
 Stab: Sleeping          |       |       |     2 |       ||     2
Armor: Robe              |     1 |     3 |     9 |       ||    13
Dodge: Dodged            |     7 |    15 |    43 |     6 ||    71

Table legend: (Time is in decaauts)
 A = Elapsed time spent in this place.
 B = Non-inter-level travel time spent in this place.
 C = Inter-level travel time spent in this place.
 D = Time resting spent in this place.
 E = Time spent auto-exploring this place.
 F = Levels seen in this place.
 G = Mean time per level.
                   A        B        C        D        E       F      G
               +--------+--------+--------+--------+--------+-----+--------+
         Total |  11791 |  11481 |    310 |   1095 |   9107 |  10 | 1179.1 |
       Dungeon |  11336 |  11040 |    296 |   1095 |   8764 |   8 | 1417.0 |
        Temple |     27 |     14 |     13 |      0 |      7 |   1 |   27.0 |
       Ossuary |    426 |    426 |      0 |      0 |    336 |   1 |  426.0 |
               +--------+--------+--------+--------+--------+-----+--------+

Top non-repeatable levels by time:
     D:1: 2266 daAuts
     D:4: 2203 daAuts
     D:6: 1598 daAuts
     D:2: 1403 daAuts
     D:7: 1185 daAuts
     D:3: 1173 daAuts
     D:5: 1124 daAuts
 Ossuary: 426 daAuts
     D:8: 381 daAuts
  Temple: 27 daAuts
